 Dungeon Crawl Stone Soup version 0.30-a0-168-g0b976cbdc4 (webtiles) character file.

Game seed: 3717935346205065424

1227 qw the Cleaver (level 8, 0/49 HPs)
             Began as a Gargoyle Fighter on Sept 29, 2022.
             Slain by Maggie
             ... wielding a +2 broad axe of pain
              (8 damage)
             ... on level 6 of the Dungeon.
             The game lasted 00:02:25 (6235 turns).

qw the Cleaver (Gargoyle Fighter)                   Turns: 6235, Time: 00:02:26

Health: 0/49       AC: 21    Str: 23    XL:     8   Next: 48%
Magic:  8/8        EV:  6    Int:  8    God:
Gold:   272        SH:  4    Dex:  9    Spells: 7/7 levels left

rFire   . . .      SeeInvis +    m - +0 hand axe (vamp)
rCold   + . .      Faith    .    c - +0 buckler
rNeg    + . .      Spirit   .    l - +2 plate armour {rC+}
rPois   inf        Reflect  .    (no helmet)
rElec   +          Harm     .    g - +0 cloak
rCorr   .          Rampage  .    j - +0 pair of gloves
Will    .....                    (no boots)
Stlth   ..........               (no amulet)
HPRegen 0.16/turn                n - ring of see invisible
MPRegen 0.11/turn                (no ring)

@: mesmerised
A: sickness immunity, AC +5, negative energy resistance 1, electricity
resistance, torment resistance 1, petrification resistance
a: no special abilities


You were on level 6 of the Dungeon.
You visited 1 branch of the dungeon, and saw 6 of its levels.

You collected 357 gold pieces.
You spent 85 gold pieces at shops.


Innate Abilities, Weirdness & Mutations

You are immune to sickness and miasma.
Your stone body is resilient. (AC +5)
You are immune to poison.
You resist negative energy. (rN+)
You are resistant to electric shocks. (rElec)
You are resistant to unholy torment.
You are immune to petrification.


   Skills:
 - Level 5.1 Fighting
 - Level 8.0 Axes
 + Level 4.3 Armour
 - Level 1.4 Dodging
 - Level 3.2 Shields


You had 7 spell levels left.
You didn't know any spells.
Your spell library was empty.

Inventory:

Hand Weapons
 b - a +0 war axe
 m - a +0 vampiric hand axe (weapon)
 s - a +2 hand axe of flaming
Armour
 c - a +0 buckler (worn)
 g - a +0 cloak (worn)
 j - a +0 pair of gloves (worn)
 l - a +2 plate armour of cold resistance (worn)
Jewellery
 n - a ring of see invisible (left hand)
Scrolls
 a - a scroll of identify
Potions
 d - 2 potions of might
 f - 5 potions of curing
 p - a potion of cancellation {unknown}
 q - a potion of mutation {unknown}

Dungeon Overview and Level Annotations

Branches:
Dungeon (6/15)
 Temple: D:4-7

Altars:
Makhleb
Nemelex Xobeh
Trog

Shops:
D:1 (   D:2 *

Annotations:
D:5 1 runed translucent door, Crazy Yiuf
D:6 Maggie


Message History

You barely miss Maggie.
Maggie is lightly wounded.
Maggie gestures wildly while chanting.
Maggie attempts to bespell you!
You are mesmerised by Maggie!
The scorpion stings you but does no damage.
You hit Maggie.
Maggie is lightly wounded.
You hit the scorpion but do no damage. Maggie barely misses you.
The scorpion stings you but does no damage.
You barely miss Maggie.
Maggie is lightly wounded.
You hit the scorpion.
A phantom comes into view.
Maggie smiles, but it's obviously fake.
Maggie hits you with a +2 broad axe of pain!
The scorpion stings you but does no damage.
You hit Maggie.
Maggie is lightly wounded.
You hit the scorpion.
You feel better.
Maggie hits you with a +2 broad axe of pain.
The scorpion stings you but does no damage.
You completely miss the scorpion.
The scorpion is moderately wounded.
You hit Maggie.
Maggie hits you with a +2 broad axe of pain!
The scorpion stings you but does no damage.
You barely miss the scorpion.
The scorpion is moderately wounded.
You completely miss Maggie. You block the scorpion's attack.
Maggie hits you with a +2 broad axe of pain!
You writhe in agony.
You completely miss the scorpion.
The scorpion is moderately wounded.
You hit Maggie.
You feel better. The scorpion barely misses you.
Maggie hits you with a +2 broad axe of pain!
You die...

#....#.#.#
#....#.#. #
#.........
#......#.# #
#####......#.##'#
.................
#......W......
#.....@@......
#.....s...##..
#.#####.###....#.#
#......%.........#.
######.)###..#.#...
#..#.#..(...#..
#..#.#..#...# . .
#..#........# ..#
#..#........#....#


You could see Maggie (mesmerising), a phantom and a scorpion.

Vanquished Creatures
  Sigmund (D:2)
  A black bear (D:5)
  An ice beast (D:5)
  2 phantoms
  2 scorpions
  A howler monkey (D:5)
  A crimson imp (D:4)
  2 hounds
  A jelly (D:5)
  Terence (D:2)
  2 iguanas (D:4)
  4 orc wizards
  9 adders
  4 gnolls (D:5)
  2 white imps
  An ufetubus (D:5)
  3 worms
  3 dart slugs (D:1)
  19 orcs
  6 ball pythons
  11 bats
  7 endoplasms
  6 giant cockroaches
  7 goblins
  7 hobgoblins
  2 quokkas (D:2)
  4 frilled lizards
  4 kobolds
  5 rats
119 creatures vanquished.

Vanquished Creatures (others)
  A wizard (D:5)
1 creature vanquished.

Grand Total: 120 creatures vanquished

Notes
Turn   | Place    | Note
-------+----------+-------------------------------------------
     0 | D:1      | qw the Gargoyle Fighter began the quest for the Orb.
     0 | D:1      | Reached XP level 1. HP: 14/14 MP: 1/1
     0 | D:1      | 0 ||| qw: Version: 0.2-a-12-gaebbb33
     0 | D:1      | 0 ||| qw: Game counter: 1231
     0 | D:1      | 0 ||| qw: Always use a shield: true
     0 | D:1      | 0 ||| qw: God list: Okawaru
     0 | D:1      | 0 ||| qw: Allow faded altars: false
     0 | D:1      | 0 ||| qw: Do Orc after D:15 true
     0 | D:1      | 0 ||| qw: Do second Lair branch before Depths: true
     0 | D:1      | 0 ||| qw: Lair rune preference: random
     0 | D:1      | 0 ||| qw: Plans: Normal, Zot:1-4, God:TSO, Crypt, Tomb,
                  | Pan, Slime:5, Hells, Abyss, Orb
     0 | D:1      | 0 ||| PLANNING D:1-11
    73 | D:1      | Reached skill level 2 in Axes
   333 | D:1      | Reached XP level 2. HP: 19/19 MP: 2/2
   485 | D:1      | Found Pyunwod's Weapon Boutique.
   494 | D:1      | 494 ||| BUYING +0 club (13 gold).
   494 | D:1      | Bought a +0 club for 13 gold pieces
   610 | D:1      | 610 ||| DROPPING +0 club.
   634 | D:1      | 634 ||| Stepping ~*~*~tactically~*~*~ (stealth).
   637 | D:1      | 637 ||| Stepping ~*~*~tactically~*~*~ (hiding).
   649 | D:1      | 649 ||| Stepping ~*~*~tactically~*~*~ (stealth).
   721 | D:1      | 721 ||| Stepping ~*~*~tactically~*~*~ (stealth).
   730 | D:1      | Reached skill level 3 in Axes
   761 | D:1      | 761 ||| Stepping ~*~*~tactically~*~*~ (hiding).
   762 | D:1      | 762 ||| Stepping ~*~*~tactically~*~*~ (hiding).
   769 | D:1      | Reached XP level 3. HP: 23/23 MP: 3/3
  1259 | D:1      | 1259 ||| UPGRADING to +0 cloak.
  1264 | D:1      | 1264 ||| DROPPING ring of wizardry.
  1265 | D:1      | 1265 ||| READING 3 scrolls labelled ROSHAT RIOPP.
  1266 | D:1      | 1266 ||| READING scroll labelled BORCHA GOREJ.
  1267 | D:1      | 1267 ||| READING 2 scrolls of identify.
  1267 | D:1      | 1267 ||| IDENTIFYING silvery potion
  1360 | D:2      | Noticed Terence
  1362 | D:2      | 1362 ||| Stepping ~*~*~tactically~*~*~ (stealth).
  1363 | D:2      | 1363 ||| Stepping ~*~*~tactically~*~*~ (stealth).
  1369 | D:2      | Killed Terence
  1370 | D:2      | Reached skill level 4 in Axes
  1370 | D:2      | Reached XP level 4. HP: 18/28 MP: 4/4
  1631 | D:2      | Noticed Sigmund
  1648 | D:2      | Killed Sigmund
  1649 | D:2      | Reached skill level 5 in Axes
  1649 | D:2      | Reached XP level 5. HP: 18/32 MP: 5/5
  1649 | D:2      | Reached XP level 6. HP: 21/37 MP: 6/6
  1996 | D:2      | Found a burning altar of Makhleb.
  2018 | D:2      | Found Uqiz's Assorted Antiques.
  2029 | D:2      | 2029 ||| SHOPLISTING 2 potions of curing (144 gold, have
                  | 77).
  2029 | D:2      | 2029 ||| SHOPLISTING glowing buckler (180 gold, have 77).
  2029 | D:2      | 2029 ||| BUYING potion of curing (72 gold).
  2029 | D:2      | Bought a potion of curing for 72 gold pieces
  2029 | D:2      | 2029 ||| SHOPLISTING scroll labelled CEGHAUWIPT (24 gold,
                  | have 5).
  2029 | D:2      | 2029 ||| SHOPLISTING scroll labelled LILUVI MEIS (24 gold,
                  | have 5).
  2029 | D:2      | 2029 ||| SHOPLISTING scroll labelled QOAQIY PATEL (24 gold,
                  | have 5).
  2029 | D:2      | 2029 ||| SHOPLISTING scroll of identify (48 gold, have 5).
  2150 | D:2      | 2150 ||| Stepping ~*~*~tactically~*~*~ (stealth).
  2185 | D:2      | 2185 ||| Stepping ~*~*~tactically~*~*~ (stealth).
  2186 | D:2      | 2186 ||| Stepping ~*~*~tactically~*~*~ (stealth).
  2187 | D:2      | 2187 ||| Stepping ~*~*~tactically~*~*~ (stealth).
  2347 | D:2      | Found a faded altar of an unknown god.
  2375 | D:2      | 2375 ||| UPGRADING to +2 plate armour of cold resistance.
  2385 | D:2      | 2385 ||| DROPPING +0 scale mail.
  2386 | D:2      | 2386 ||| READING scroll labelled SOCANA JAIB.
  2487 | D:2      | 2487 ||| READING scroll labelled REANTE VULIANE.
  2826 | D:3      | 2826 ||| Stepping ~*~*~tactically~*~*~ (stealth).
  3025 | D:3      | 3025 ||| DROPPING +0 mace.
  3283 | D:3      | 3283 ||| Stepping ~*~*~tactically~*~*~ (hiding).
  3285 | D:3      | 3285 ||| Stepping ~*~*~tactically~*~*~ (hiding).
  3286 | D:3      | 3286 ||| Stepping ~*~*~tactically~*~*~ (hiding).
  3320 | D:3      | 3320 ||| SWAPPING to +0 vampiric hand axe.
  3363 | D:3      | 3363 ||| Stepping ~*~*~tactically~*~*~ (stealth).
  3527 | D:3      | 3527 ||| UPGRADING to +0 pair of gloves.
  3532 | D:3      | 3532 ||| DROPPING amulet of faith.
  3533 | D:3      | 3533 ||| UPGRADING to ring of see invisible.
  3534 | D:3      | 3534 ||| READING scroll labelled LILUVI MEIS.
  3535 | D:3      | 3535 ||| READING scroll labelled ADUWKUT GEITI.
  3536 | D:3      | 3536 ||| READING scroll labelled QOAQIY PATEL.
  3537 | D:3      | 3537 ||| DRINKING 2 black potions.
  3538 | D:3      | 3538 ||| READING 2 scrolls of identify.
  3538 | D:3      | 3538 ||| IDENTIFYING sedimented inky potion
  3539 | D:3      | 3539 ||| DROPPING potion of degeneration.
  3674 | D:4      | Reached skill level 6 in Axes
  3830 | D:4      | Reached XP level 7. HP: 38/43 MP: 7/7
  4237 | D:4      | Found a sparkling altar of Nemelex Xobeh.
  4556 | D:4      | 4556 ||| READING scroll labelled VOTIMIRUEH.
  4557 | D:4      | 4557 ||| READING scroll labelled CEGHAUWIPT.
  4558 | D:4      | 4558 ||| READING 2 scrolls of identify.
  4558 | D:4      | 4558 ||| IDENTIFYING fuming white potion
  4559 | D:4      | 4559 ||| DROPPING potion of invisibility.
  4567 | D:5      | Entered Level 5 of the Dungeon
  4590 | D:5      | 4590 ||| STAIRDANCE
  4603 | D:5      | 4603 ||| STAIRDANCE
  4670 | D:5      | Reached skill level 7 in Axes
  4678 | D:5      | HP: 8/43 [gnoll/+0 halberd (9)]
  4679 | D:5      | 4679 ||| DRINKING 2 potions of heal wounds.
  4860 | D:5      | Reached skill level 1 in Dodging
  4860 | D:5      | Reached XP level 8. HP: 32/49 MP: 8/8
  5005 | D:5      | HP: 4/49 [acid (11)]
  5006 | D:5      | 5006 ||| DRINKING potion of heal wounds.
  5012 | D:5      | HP: 7/49 [acid (9)]
  5482 | D:5      | 5482 ||| Stepping ~*~*~tactically~*~*~ (stealth).
  5581 | D:5      | 5581 ||| Stepping ~*~*~tactically~*~*~ (hiding).
  5601 | D:5      | 5601 ||| Stepping ~*~*~tactically~*~*~ (hiding).
  5662 | D:5      | Found a bloodstained altar of Trog.
  5672 | D:5      | Noticed a wizard
  5674 | D:5      | Killed a wizard
  5738 | D:5      | 5738 ||| DRINKING 6 potions of curing.
  5738 | D:5      | 5738 ||| (to cure confusion)
  5778 | D:5      | 5778 ||| DROPPING +0 morningstar.
  5885 | D:5      | Found a runed translucent door.
  5886 | D:5      | Noticed Crazy Yiuf
  6078 | D:5      | 6078 ||| READING scroll labelled ZONKAR WERUCZO.
  6079 | D:5      | 6079 ||| READING scroll labelled SYXTUM ICEOLAM.
  6080 | D:5      | 6080 ||| READING scroll labelled FAOMYOSSES.
  6081 | D:5      | 6081 ||| READING scroll labelled VIXILI HUGGUYCW.
  6082 | D:5      | 6082 ||| READING 2 scrolls of identify.
  6082 | D:5      | 6082 ||| IDENTIFYING bubbling cyan potion
  6083 | D:5      | 6083 ||| DROPPING potion of brilliance.
  6205 | D:6      | Reached skill level 8 in Axes
  6210 | D:6      | 6210 ||| Stepping ~*~*~tactically~*~*~ (stealth).
  6213 | D:6      | 6213 ||| Stepping ~*~*~tactically~*~*~ (stealth).
  6223 | D:6      | Noticed Maggie
  6234 | D:6      | HP: 8/49 [Maggie/+2 broad axe of pain (8)]
  6235 | D:6      | Slain by Maggie

Levels and vault maps discovered:
D:1:      dpeg_arrival_central, layout_loops_ring, serial_shops, shop_fountains,
          minmay_tetromino_o2
D:2:      layout_basic, shapermc_ecumenical_altar_notcrosses, basic_altar,
          serial_shops, nicolae_lakefront_shop, minmay_misc_feat_doors,
          uniq_sigmund, uniq_terence
D:3:      layout_basic
D:4:      layout_gridville, nemelex_dance_club_becter, minmay_fire_ice_demons
D:5:      layout_cave_pods, trog_wizard, uniq_crazy_yiuf_cottage
D:6:      layout_basic, nicolae_overflow_hidden_temple, uniq_maggie

Skill      XL: |  1  2  3  4  5  6  7  8 |
---------------+-------------------------+-----
Axes           | 2 3 4 5 6 7 8 |  8.0
Fighting       | 4 5 |  5.1
Armour         | 4 |  4.3
Dodging        | 1 |  1.4
Shields        | |  3.2

Action                   |  1- 3 |  4- 6 |  7- 9 || total
-------------------------+-------+-------+-------++-------
Melee: War axe           |    99 |   113 |       ||   212
       Hand axe          |       |    59 |   304 ||   363
Throw: Boomerang         |       |    13 |       ||    13
  Use: Scroll            |     3 |     6 |     8 ||    17
       Potion            |       |     1 |     3 ||     4
Armor: Scale mail        |    52 |    43 |       ||    95
       Plate armour      |       |    44 |   206 ||   250
Dodge: Dodged            |    47 |    56 |    69 ||   172
Block: Buckler           |    16 |    25 |    53 ||    94

Table legend:
 A = Non-vault XP
 B = Vault XP
 C = Vault XP percentage of total XP
 D = Non-vault monster count
 E = Vault monster count
 F = Vault count percentage of total count
                 A         B        C        D         E       F
            +---------+---------+-------+---------+---------+-------
      Total |    1411 |     343 |  19.6 |     111 |       8 |   6.7
            +---------+---------+-------+---------+---------+-------
        D:1 |      48 |       3 |   5.9 |      25 |       2 |   7.4
        D:2 |      63 |     275 |  81.4 |      20 |       2 |   9.1
        D:3 |     100 |       0 |   0.0 |      19 |       0 |   0.0
        D:4 |     378 |      65 |  14.7 |      18 |       4 |  18.2
        D:5 |     728 |       0 |   0.0 |      26 |       0 |   0.0
        D:6 |      94 |       0 |   0.0 |       3 |       0 |   0.0
            +---------+---------+-------+---------+---------+-------
